 Dungeon Crawl Stone Soup version 0.30-a0-800-g7c544603b3 (webtiles) character file.

Game seed: 1987938657476483591

287 Demosthentine the Poker (level 6, -4/47 HPs)
             Began as a Demonspawn Gladiator on Feb 22, 2023.
             Slain by an ogre
             ... wielding a +0 giant spiked club
              (28 damage)
             ... on level 5 of the Dungeon.
             The game lasted 00:04:35 (3906 turns).

Demosthentine the Poker (Demonspawn Gladiator)      Turns: 3906, Time: 00:04:35

Health: -4/47      AC:  7    Str: 14    XL:     6   Next: 8%
Magic:  6/6        EV: 13    Int: 10    God:
Gold:   156        SH:  8    Dex: 16    Spells: 5/5 levels left

rFire   + . .      SeeInvis .    a - +0 trident
rCold   . . .      Faith    .    (no shield)
rNeg    . . .      Spirit   .    b - +0 leather armour
rPois   +          Reflect  .    c - +0 helmet
rElec   .          Harm     .    (no cloak)
rCorr   .          Rampage  .    r - +0 pair of gloves
Will    .....                    l - +1 pair of boots
Stlth   +                        (no amulet)
HPRegen 0.27/turn                f - ring of poison resistance
MPRegen 0.10/turn                p - ring of protection from fire

@: no status effects
A: large bone plates 1, powered by death 1, condensation shield
a: no special abilities


You were on level 5 of the Dungeon.
You visited 1 branch of the dungeon, and saw 5 of its levels.

You collected 156 gold pieces.

Inventory:

Hand Weapons
 a - a +0 trident (weapon)
Missiles
 d - a throwing net (quivered)
 e - a javelin
Armour
 b - a +0 leather armour (worn)
 c - a +0 helmet (worn)
 l - a +1 pair of boots (worn)
 r - a +0 pair of gloves (worn)
Jewellery
 f - a ring of poison resistance (left hand)
 j - an amulet of faith
 p - a ring of protection from fire (right hand)
 u - a +6 ring of dexterity
Wands
 o - a wand of flame (18)
 A - a wand of iceblast (11)
Scrolls
 q - a scroll of identify
 x - a scroll of fog
Potions
 g - 3 potions of mutation
 h - 2 potions of flight
 i - 2 potions of curing
 k - a potion of brilliance
 m - a potion of heal wounds
 n - 2 potions of might
 z - a potion of invisibility


   Skills:
 + Level 3.6 Fighting
 + Level 3.8 Polearms
 - Level 1.7 Throwing
 + Level 2.5 Armour
 + Level 3.8 Dodging


You had 5 spell levels left.
You didn't know any spells.
Your spell library contained the following spells:

 Spells                   Type           Power      Damage    Failure   Level
 Apportation              Tloc           0%         N/A       43%         1
 Necrotise                Necr           0%         1d4       43%         1
 Sandblast                Erth           0%         2d4       43%         1
 Summon Small Mammal      Summ           0%         N/A       43%         1
 Passwall                 Tmut/Erth      0%         N/A       56%         2
 Inner Flame              Hex/Fire       0%         N/A       80%         3
 Ozocubu's Armour         Ice            0%         N/A       80%         3
 Stone Arrow              Conj/Erth      0%         3d7       80%         3
 Cause Fear               Hex            0%         N/A       99%         4
 Ozocubu's Refrigeration  Ice            0%         4d7       100%        7
 Discord                  Hex            0%         N/A       100%        8


Dungeon Overview and Level Annotations

Branches:
Dungeon (5/15)
 Temple: D:4-7

Altars:


Innate Abilities, Weirdness & Mutations

You are partially covered in large bone plates. (SH +4)
You regenerate a little health from kills.
A meltable shield of frost defends you. (SH +4)


Message History

You are too injured to fight recklessly!
An ogre is nearby!
You are too injured to fight recklessly!
Throw: 2 throwing nets
Press: ? - help, Q - select action, (/) - cycle Shift-Dir - straight line, f - ogre
Aim: an ogre, wielding a +0 giant spiked club (lightly wounded, 75% to hit)
You throw a throwing net. The throwing net hits the ogre.
The ogre is caught in the net!
The ogre is lightly wounded.
Unknown command.
You are too injured to fight recklessly!
You are too injured to fight recklessly!
You are too injured to fight recklessly!
You are too injured to fight recklessly!
You are too injured to fight recklessly!
You are too injured to fight recklessly!
You hit the ogre.
The ogre is moderately wounded.
The ogre struggles against the net.
You hit the ogre.
The ogre is moderately wounded.
The ogre struggles against the net.
You completely miss the ogre.
The ogre is moderately wounded.
The ogre struggles against the net.
You puncture the ogre!
The ogre is severely wounded.
The ogre struggles against the net. x2
You hit the ogre.
The ogre is severely wounded.
The ogre struggles against the net.
The net rips apart, and the ogre comes free!
You hit the ogre but do no damage.
The ogre is severely wounded.
You block the ogre's attack.
You barely miss the ogre.
The ogre is severely wounded.
The ogre hits you with a +0 giant spiked club!!
Ouch! That really hurt!
You die...

### #.......... #..
+..........# #.#
#..........# #.#
#..........# #.#
#..........# #.#
#..........#
####.####..........#
#..................####
#...####.......@.......
+......#.#.#####O.#####
#...†=<#[#... >....
#......#.##### ....##
#.........# .~.~#
####+###..# ..PP# ...#
..P~# .# ..~## .#


You could see an ogre.

Vanquished Creatures
  A hound (D:4)
  An iguana (D:4)
  3 gnolls
  9 adders
  A white imp (D:5)
  3 worms
  4 dart slugs
  2 orcs
  5 ball pythons
  9 endoplasms
  4 giant cockroaches
  7 goblins
  7 hobgoblins
  7 jackals
  9 kobolds
  5 quokkas
  2 bats
  5 frilled lizards
  23 rats
107 creatures vanquished.

Notes
Turn   | Place    | Note
-------+----------+-------------------------------------------
     0 | D:1      | Demosthentine the Demonspawn Gladiator began the quest for
                  | the Orb.
     0 | D:1      | Reached XP level 1. HP: 16/16 MP: 1/1
   152 | D:1      | Gained mutation: You regenerate a little health from kills.
                  | [demonic ancestry]
   152 | D:1      | Reached XP level 2. HP: 22/22 MP: 2/2
   746 | D:2      | Reached skill level 1 in Armour
   755 | D:2      | Reached XP level 3. HP: 20/28 MP: 3/3
  1554 | D:2      | Reached XP level 4. HP: 34/34 MP: 4/4
  2338 | D:3      | Gained mutation: You are partially covered in large bone
                  | plates. (SH +4) [demonic ancestry]
  2338 | D:3      | Reached XP level 5. HP: 35/41 MP: 5/5
  2436 | D:3      | Identified the +1 hand axe of Fyent {vamp, rN+}
  3651 | D:4      | Gained mutation: A meltable shield of frost defends you.
                  | (SH +4) [demonic ancestry]
  3651 | D:4      | Reached XP level 6. HP: 41/47 MP: 6/6
  3865 | D:5      | Entered Level 5 of the Dungeon
  3906 | D:5      | Slain by an ogre

Illustrated notes

Levels and vault maps discovered:
D:1:      lightli_molten_gateway, layout_basic, minivault_24,
          dreamdust_princess_corridor
D:2:      layout_loops_corners
D:3:      layout_rooms
D:4:      layout_basic, hangedman_abyss_or_decor_stabs, minmay_rat_hole
D:5:      kennysheep_steamy, layout_basic, mainiacjoe_overflow_six_doors_small

Skill      XL: |  1  2  3  4 |
---------------+-------------+-----
Dodging        | 3 |  3.8
Polearms       | 3 |  3.8
Armour         | 1 2 |  2.5
Fighting       | 3 |  3.6
Throwing       | |  1.7

Action                     |  1- 3 |  4- 6 || total
---------------------------+-------+-------++-------
  Melee: Trident           |   178 |   272 ||   450
         Punch             |       |     3 ||     3
  Throw: Throwing net      |       |     3 ||     3
    Use: Scroll            |     2 |    11 ||    13
   Stab: Sleeping          |     2 |     4 ||     6
 Armour: Leather armour    |    43 |    62 ||   105
  Dodge: Dodged            |   109 |   202 ||   311
  Block: Other             |       |    29 ||    29

Table legend: (Time is in decaauts)
 A = Elapsed time spent in this place.
 B = Non-inter-level travel time spent in this place.
 C = Inter-level travel time spent in this place.
 D = Time resting spent in this place.
 E = Time spent auto-exploring this place.
 F = Levels seen in this place.
 G = Mean time per level.
                   A        B        C        D        E       F      G
               +--------+--------+--------+--------+--------+-----+--------+
         Total |   3967 |   3809 |    158 |    187 |   2752 |   5 |  793.4 |
       Dungeon |   3967 |   3809 |    158 |    187 |   2752 |   5 |  793.4 |
               +--------+--------+--------+--------+--------+-----+--------+

Top non-repeatable levels by time:
     D:2: 1287 daAuts
     D:4: 1118 daAuts
     D:3: 768 daAuts
     D:1: 749 daAuts
     D:5: 42 daAuts
